 Dungeon Crawl Stone Soup version 0.20-a0-855-gd83b866 (webtiles) character file.

174 Foodle the Stinger (level 5, -3/36 HPs)
             Began as a Formicid Venom Mage on Mar 11, 2017.
             Was a Follower of Wu Jian.
             Slain by an orc
             ... wielding a +0 mace
              (8 damage)
             ... on level 3 of the Dungeon.
             The game lasted 00:34:41 (2197 turns).

Foodle the Stinger (Formicid Venom Mage)            Turns: 2197, Time: 00:34:42

Health: -3/36      AC:  5    Str: 13    XL:     5   Next: 84%
Magic:  1/9        EV: 18    Int: 15    God:    Wu Jian [*.....]
Gold:   199        SH:  0    Dex: 16    Spells: 4/10 levels left

rFire    . . .     SeeInvis +   o - +4 quarterstaff (chaos)
rCold    . . .     Gourm    .   l - +0 robe {rN+}
rNeg     + + .     Faith    .   (no shield)
rPois    .         Spirit   .   (helmet unavailable)
rElec    .         Reflect  .   p - +2 cloak
rCorr    .         Harm     .   (no gloves)
MR       .....                  (no boots)
Stlth    +++.......             (no amulet)
Regen    0.2/turn               (no ring)
MPRegen  0.2/turn               j - ring of positive energy

@: agile, very slightly contaminated
A: permanent stasis, dig shafts and tunnels, four strong arms, antennae 3
a: Dig, Shaft Self, Renounce Religion


You were on level 3 of the Dungeon.
You worshipped Wu Jian.
Wu Jian was aware of your devotion.
You were not hungry.

You visited 1 branch of the dungeon, and saw 3 of its levels.

You collected 199 gold pieces.

Inventory:

Hand Weapons
 o - a +4 quarterstaff of chaos (weapon)
 r - a +0 short sword of venom
Missiles
 k - 27 stones (quivered)
Armour
 a - a +0 robe
 h - a +0 robe
 l - a +0 robe of positive energy (worn)
 p - a +2 cloak (worn)
 q - a +0 hat
Jewellery
 c - an uncursed ring of poison resistance {unknown}
 j - a ring of positive energy (left hand)
Wands
 i - a wand of polymorph (1/24)
Potions
 d - a potion of heal wounds {unknown}
 e - 4 potions of curing {unknown}
 g - 2 potions of mutation {unknown}
 n - a potion of agility
Books
 b - a Young Poisoner's Handbook

   Spells                             Type                      Level
   a - Sting                          Conjuration/Poison           1
   b - Poisonous Vapours              Poison/Air                   2
   c - Mephitic Cloud                 Conjuration/Poison/Air       3
   d - Olgreb's Toxic Radiance        Poison                       4
   e - Venom Bolt                     Conjuration/Poison           5
Comestibles
 f - a meat ration


   Skills:
 + Level 0.4 Fighting
   Level 1.0 Axes
 * Level 0.2 Staves
 + Level 2.5 Dodging
 - Level 2.4 Stealth
 * Level 3.0 Spellcasting
 - Level 2.1 Conjurations
 * Level 5.8 Poison Magic
 + Level 0.0 Evocations


You had 4 spell levels left.
You knew the following spells:

 Your Spells              Type           Power        Failure   Level  Hunger
a - Sting                 Conj/Pois      ##..         4%          1    #......
b - Poisonous Vapours     Pois/Air       ##....       12%         2    ##.....
c - Mephitic Cloud        Conj/Pois/Air  ##......     24%         3    ###....


Dungeon Overview and Level Annotations

Branches:
Dungeon (3/15)

Altars:
Wu Jian


Innate Abilities, Weirdness & Mutations

You cannot be hasted, slowed, berserked, paralysed or teleported.
You can dig through walls and to a lower floor.
Your four strong arms can wield two-handed weapons with a shield.
You have a pair of large antennae on your head. (SInv)


Message History

The orc throws a stone.
The stone barely misses you.
The orc wizard hits you but does no damage.
The orc priest looks braver for a moment.
You sock the orc wizard!
The orc wizard is severely wounded.
You feel sick.
You are no longer poisoned.
The orc wizard hits you with a dagger.
* * * LOW HITPOINT WARNING * * *
The orc misses you.
The orc priest begins to cast a cantrip, but forgets the words!
It was a potion of agility.
You feel agile all of a sudden. The orc wizard misses you.
The orc hits you with a mace.
* * * LOW HITPOINT WARNING * * *
Unknown command.
It was a potion of haste.
Your stasis prevents you from being hasted.
The orc wizard barely misses you. The orc hits you with a mace!
You die...

#.# #.# #.# #.#
#############.#
####...........#.#
.................#
............#.##.#
..........##...#@#
.........#.#..ooo#
#......##.#...##.#
.#....#.##....##†#
#.####.#.#.....#†#
.# #.#......#.#
##. #.. #.# ...
#.# ... #.#


You could see an orc priest, an orc wizard (invisible) and an orc.

Vanquished Creatures
  Crazy Yiuf (D:2)
  Jessica (D:2)
  Ijyb (D:2)
  4 adders
  An ooze (D:3)
  A worm (D:2)
  A dart slug (D:1)
  2 leopard geckos
  2 orcs (D:3)
  A ball python (D:3)
  6 bats
  7 goblins
  2 hobgoblins
  6 jackals (D:1)
  4 kobolds
  A frilled lizard (D:1)
  6 rats
  A fungus (D:2)
48 creatures vanquished.

Notes
Turn   | Place    | Note
-------+----------+-------------------------------------------
     0 | D:1      | Foodle the Formicid Venom Mage began the quest for the Orb.
     0 | D:1      | Reached XP level 1. HP: 13/13 MP: 3/3
   324 | D:1      | Reached XP level 2. HP: 19/19 MP: 1/5
   627 | D:1      | Reached skill level 1 in Conjurations
   627 | D:1      | Reached XP level 3. HP: 24/24 MP: 4/6
   845 | D:1      | Reached skill level 5 in Poison Magic
  1012 | D:2      | Reached XP level 4. HP: 23/30 MP: 2/7
  1019 | D:2      | Learned a level 2 spell: Poisonous Vapours
  1023 | D:2      | Learned a level 3 spell: Mephitic Cloud
  1042 | D:2      | Found a faded altar of an unknown god.
  1052 | D:2      | Became a worshipper of the Wu Jian Council
  1052 | D:2      | Reached * piety under Wu Jian
  1059 | D:2      | Noticed Jessica
  1062 | D:2      | Killed Jessica
  1091 | D:2      | Noticed Ijyb
  1183 | D:2      | Killed Ijyb
  1183 | D:2      | Reached XP level 5. HP: 35/35 MP: 5/8
  1490 | D:2      | Found a runed door.
  1494 | D:2      | Noticed Crazy Yiuf
  1507 | D:2      | Killed Crazy Yiuf
  2054 | D:3      | Reached skill level 1 in Axes
  2197 | D:3      | Slain by an orc

Vault maps used:
D:1:      dpeg_arrival_windows_large_door, dk_noncrumbling_2,
          minmay_close_crescents
D:2:      chequers_ecumenical_altar_island, uniq_iyjb, uniq_crazy_yiuf_cottage,
          uniq_jessica
D:3:      minmay_misc_feat_secret_circle, uniq_terence

Skill      XL: |  1  2  3  4  5 |
---------------+----------------+-----
Dodging        | 2 |  2.5
Conjurations   | 1 2 |  2.1
Poison Magic   | 5 |  5.8
Axes           | 1 |  1.0
Spellcasting   | 3 |  3.0
Fighting       | |  0.4
Staves         | |  0.2
Stealth        | |  2.4

Action                   |  1- 3 |  4- 6 || total
-------------------------+-------+-------++-------
Melee: Club              |    17 |       ||    17
       Unarmed           |     3 |     8 ||    11
       War axe           |    19 |    14 ||    33
       Quarterstaff      |       |    36 ||    36
 Cast: Sting             |    38 |    41 ||    79
       Poisonous Vapours |       |     4 ||     4
       Mephitic Cloud    |       |     1 ||     1
 Abil: Dig               |     1 |       ||     1
  Use: Scroll            |       |     5 ||     5
       Potion            |       |     2 ||     2
  Eat: Bread ration      |     1 |       ||     1
       Royal jelly       |       |     1 ||     1
Armor: Robe              |    22 |    12 ||    34
       Skin              |       |     2 ||     2
Dodge: Dodged            |    64 |    42 ||   106
